3006 views
Uploaded 2020-02-07 23:08:09
Game version 1.32 / 1.32.1
32:59 long 3on3 ladder game on (6)Monsoon_LV
Saved by BEARAND
3006 views
Uploaded 2020-02-07 23:08:09
Game version 1.32 / 1.32.1
32:59 long 3on3 ladder game on (6)Monsoon_LV


86 units @ 8.8k
/ 1.1k
218 buildings @ 15.5k
/ 9k
IcebergSlim
(32:58) : 

| Healing Salve | 2 | 200 |
| Orb of Lightning | 2 | 750 |
| Boots of Speed | 2 | 500 |
| Staff of Teleportation | 1 | 150 |
| total: | 7 | 1600g |
| Peon | 18 | 1350 | / | 0 |
| Troll Batrider | 17 | 2720 | / | 680 |
| total: | 35 | 4070g | / | 680w |
| Watch Tower | 33 | 3630 | / | 2640 |
| Altar of Storms | 1 | 180 | / | 50 |
| Orc Burrow | 3 | 480 | / | 120 |
| War Mill | 1 | 205 | / | 0 |
| Voodoo Lounge | 3 | 390 | / | 90 |
| Great Hall | 2 | 770 | / | 370 |
| Beastiary | 6 | 870 | / | 840 |
| Stronghold | 1 | 315 | / | 190 |
| Fortress | 1 | 325 | / | 190 |
| total: | 49 | 6525g | / | 4110w |
| 0:02 | Peon |
| 0:02 | Peon |
| 0:06 | Altar of Storms |
| 0:18 | Orc Burrow |
| 0:21 | Peon |
| 0:33 | Peon |
| 0:48 | War Mill |
| 0:53 | Peon |
| 1:17 | Voodoo Lounge |
| 1:21 | Peon |
| 1:27 | Peon |
| 1:41 | Orc Burrow |
| 1:50 | Peon |
| 2:02 | Peon |
| 2:08 | Watch Tower |
| 2:11 | Wind Walk |
| 2:24 | Healing Salve |
| 2:30 | Watch Tower |
| 2:37 | Watch Tower |
| 2:50 | Peon |
| 2:50 | Peon |
| 3:09 | Peon |
| 3:34 | Watch Tower |
| 3:39 | Watch Tower |
| 4:02 | Watch Tower |
| 4:38 | Great Hall |
| 4:40 | Stronghold |
| 4:49 | Watch Tower |
| 5:15 | Watch Tower |
| 5:19 | Orc Burrow |
| 5:24 | Critical Strike |
| 5:52 | Watch Tower |
| 6:13 | Spiked Barricades |
| 6:19 | Watch Tower |
| 6:56 | Watch Tower |
| 7:06 | Beastiary |
| 7:31 | Watch Tower |
| 7:35 | Peon |
| 7:35 | Peon |
| 7:35 | Peon |
| 7:35 | Peon |
| 7:51 | Beastiary |
| 7:54 | Voodoo Lounge |
| 7:56 | Voodoo Lounge |
| 8:01 | Hex |
| 8:06 | Watch Tower |
| 8:11 | Healing Salve |
| 9:06 | Watch Tower |
| 9:26 | Boots of Speed |
| 9:29 | Watch Tower |
| 9:33 | Fortress |
| 10:23 | Watch Tower |
| 10:28 | Reinforced Defenses |
| 10:55 | Watch Tower |
| 11:08 | Troll Batrider |
| 11:38 | Watch Tower |
| 11:45 | Troll Batrider |
| 11:55 | Orb of Lightning |
| 12:03 | Watch Tower |
| 12:26 | Troll Batrider |
| 12:36 | Boots of Speed |
| 12:36 | Staff of Teleportation |
| 12:46 | Watch Tower |
| 13:08 | Watch Tower |
| 13:30 | Liquid Fire |
| 13:46 | Wind Walk |
| 13:55 | Watch Tower |
| 13:56 | Troll Batrider |
| 14:30 | Watch Tower |
| 14:40 | Troll Batrider |
| 14:47 | Steel Ranged Weapons |
| 14:49 | Steel Armor |
| 14:58 | Watch Tower |
| 15:02 | Troll Batrider |
| 15:17 | Orb of Lightning |
| 15:25 | Watch Tower |
| 15:46 | Troll Batrider |
| 16:03 | Beastiary |
| 16:06 | Healing Wave |
| 16:09 | Watch Tower |
| 16:35 | Watch Tower |
| 17:11 | Watch Tower |
| 17:41 | Watch Tower |
| 18:01 | Troll Batrider |
| 18:03 | Troll Batrider |
| 18:23 | Beastiary |
| 18:44 | Troll Batrider |
| 18:57 | Watch Tower |
| 19:06 | Troll Batrider |
| 19:08 | Critical Strike |
| 20:14 | Watch Tower |
| 21:12 | Thorium Ranged Weapons |
| 21:12 | Thorium Armor |
| 21:15 | Arcanite Armor |
| 22:01 | Improved Spiked Barricades |
| 22:37 | Peon |
| 22:37 | Peon |
| 23:28 | Healing Wave |
| 23:35 | Troll Batrider |
| 23:35 | Troll Batrider |
| 24:02 | Beastiary |
| 24:08 | Beastiary |
| 24:40 | Troll Batrider |
| 25:44 | Critical Strike |
| 25:50 | Troll Batrider |
| 25:50 | Troll Batrider |
| 26:42 | Troll Batrider |
| 27:23 | Great Hall |
| 29:35 | Arcanite Ranged Weapons |
| 29:43 | Hex |
| 29:56 | Watch Tower |
| 30:05 | Bladestorm |
| 32:08 | Healing Wave |
| 32:16 | Watch Tower |
| Right click | 2268 |
| Select group | 617 |
| Select | 524 |
| Chat | 287 |
| Misc. action | 203 |
| Use ability | 118 |
| Build/train/purchase | 109 |
| Assign group | 23 |
| Resource trade | 11 |
| Item give/drop | 6 |
| Remove unit | 3 |
| Minimap ping | 3 |
| Esc | 2 |
TIMG4STRok
(32:58) : 


| Lesser Clarity Potion | 1 | 70 |
| Staff of Sanctuary | 3 | 750 |
| Boots of Speed | 3 | 750 |
| Staff of Teleportation | 3 | 450 |
| Circlet of Nobility | 3 | 525 |
| Periapt of Vitality | 2 | 650 |
| Healing Salve | 1 | 100 |
| Orb of Lightning | 2 | 750 |
| total: | 18 | 4045g |
| Peasant | 30 | 2250 | / | 0 |
| total: | 30 | 2250g | / | 0w |
| Scout Tower | 63 | 1890 | / | 1260 |
| Arcane Tower | 3 | 210 | / | 150 |
| Guard Tower | 27 | 1890 | / | 1350 |
| Altar of Kings | 1 | 180 | / | 50 |
| Farm | 4 | 320 | / | 80 |
| Lumber Mill | 1 | 120 | / | 0 |
| Town Hall | 1 | 385 | / | 205 |
| Arcane Vault | 3 | 390 | / | 90 |
| Barracks | 1 | 160 | / | 60 |
| Blacksmith | 1 | 140 | / | 60 |
| Arcane Sanctum | 1 | 150 | / | 140 |
| Gryphon Aviary | 1 | 140 | / | 150 |
| Keep | 1 | 320 | / | 210 |
| Castle | 1 | 360 | / | 210 |
| total: | 77 | 3875g | / | 2095w |
| 0:05 | Peasant |
| 0:05 | Peasant |
| 0:08 | Peasant |
| 0:24 | Altar of Kings |
| 0:30 | Farm |
| 0:44 | Lumber Mill |
| 0:46 | Peasant |
| 0:47 | Peasant |
| 0:52 | Peasant |
| 1:06 | Scout Tower |
| 1:11 | Farm |
| 1:13 | Peasant |
| 1:13 | Peasant |
| 1:36 | Arcane Tower |
| 1:38 | Scout Tower |
| 1:42 | Peasant |
| 1:42 | Peasant |
| 1:52 | Peasant |
| 2:05 | Farm |
| 2:08 | Guard Tower |
| 2:10 | Peasant |
| 2:14 | Scout Tower |
| 2:27 | Blizzard |
| 2:40 | Peasant |
| 2:40 | Peasant |
| 2:42 | Scout Tower |
| 2:43 | Guard Tower |
| 2:54 | Peasant |
| 3:27 | Guard Tower |
| 3:29 | Scout Tower |
| 3:30 | Scout Tower |
| 3:45 | Boots of Speed |
| 3:45 | Staff of Teleportation |
| 3:45 | Circlet of Nobility |
| 3:57 | Healing Salve |
| 4:14 | Keep |
| 4:27 | Guard Tower |
| 4:29 | Scout Tower |
| 4:37 | Lesser Clarity Potion |
| 4:48 | Scout Tower |
| 5:16 | Brilliance Aura |
| 5:33 | Guard Tower |
| 5:34 | Scout Tower |
| 5:35 | Scout Tower |
| 5:55 | Improved Masonry |
| 6:56 | Castle |
| 6:57 | Arcane Sanctum |
| 6:58 | Guard Tower |
| 7:03 | Scout Tower |
| 7:04 | Scout Tower |
| 7:30 | Guard Tower |
| 7:38 | Farm |
| 7:42 | Scout Tower |
| 7:42 | Scout Tower |
| 7:56 | Improved Lumber Harvesting |
| 8:10 | Guard Tower |
| 8:13 | Scout Tower |
| 8:48 | Blizzard |
| 8:49 | Guard Tower |
| 8:54 | Scout Tower |
| 8:55 | Scout Tower |
| 8:59 | Magic Sentry |
| 9:01 | Arcane Tower |
| 9:01 | Guard Tower |
| 9:04 | Storm Bolt |
| 9:13 | Town Hall |
| 9:36 | Arcane Vault |
| 9:57 | Guard Tower |
| 9:58 | Scout Tower |
| 10:00 | Scout Tower |
| 10:32 | Advanced Masonry |
| 10:37 | Arcane Vault |
| 11:05 | Guard Tower |
| 11:07 | Scout Tower |
| 11:07 | Scout Tower |
| 11:08 | Scout Tower |
| 11:12 | Arcane Vault |
| 11:14 | Advanced Lumber Harvesting |
| 11:18 | Peasant |
| 11:19 | Holy Light |
| 11:22 | Staff of Sanctuary |
| 11:29 | Boots of Speed |
| 12:11 | Bash |
| 12:28 | Boots of Speed |
| 12:28 | Circlet of Nobility |
| 12:29 | Periapt of Vitality |
| 12:55 | Guard Tower |
| 12:57 | Scout Tower |
| 12:57 | Scout Tower |
| 12:58 | Scout Tower |
| 12:59 | Scout Tower |
| 13:02 | Scout Tower |
| 13:03 | Scout Tower |
| 13:04 | Scout Tower |
| 13:05 | Scout Tower |
| 13:12 | Peasant |
| 13:13 | Peasant |
| 13:15 | Scout Tower |
| 13:15 | Scout Tower |
| 13:16 | Scout Tower |
| 13:20 | Scout Tower |
| 13:20 | Scout Tower |
| 13:22 | Scout Tower |
| 14:18 | Divine Shield |
| 14:20 | Brilliance Aura |
| 14:25 | Barracks |
| 14:26 | Blacksmith |
| 14:29 | Gryphon Aviary |
| 14:31 | Scout Tower |
| 14:31 | Scout Tower |
| 14:32 | Scout Tower |
| 14:33 | Scout Tower |
| 14:34 | Peasant |
| 14:35 | Peasant |
| 14:35 | Peasant |
| 14:46 | Periapt of Vitality |
| 14:47 | Staff of Teleportation |
| 14:49 | Circlet of Nobility |
| 15:08 | Guard Tower |
| 15:10 | Scout Tower |
| 15:54 | Arcane Tower |
| 16:01 | Peasant |
| 16:01 | Peasant |
| 16:01 | Peasant |
| 16:14 | Staff of Sanctuary |
| 16:18 | Staff of Sanctuary |
| 16:23 | Orb of Lightning |
| 16:27 | Guard Tower |
| 16:31 | Guard Tower |
| 16:58 | Guard Tower |
| 17:02 | Peasant |
| 17:02 | Peasant |
| 17:43 | Scout Tower |
| 17:44 | Scout Tower |
| 17:45 | Scout Tower |
| 17:45 | Scout Tower |
| 17:46 | Scout Tower |
| 17:46 | Scout Tower |
| 17:55 | Storm Bolt |
| 18:04 | Scout Tower |
| 18:04 | Scout Tower |
| 18:05 | Scout Tower |
| 18:45 | Peasant |
| 18:45 | Peasant |
| 18:52 | Guard Tower |
| 19:16 | Peasant |
| 19:16 | Peasant |
| 19:54 | Scout Tower |
| 19:54 | Scout Tower |
| 19:55 | Scout Tower |
| 19:56 | Scout Tower |
| 19:56 | Scout Tower |
| 19:57 | Scout Tower |
| 19:59 | Scout Tower |
| 20:00 | Scout Tower |
| 20:00 | Scout Tower |
| 20:01 | Guard Tower |
| 20:04 | Orb of Lightning |
| 20:19 | Guard Tower |
| 20:35 | Holy Light |
| 21:05 | Guard Tower |
| 21:18 | Scout Tower |
| 21:18 | Scout Tower |
| 21:19 | Scout Tower |
| 21:20 | Scout Tower |
| 21:24 | Guard Tower |
| 21:43 | Staff of Teleportation |
| 21:57 | Guard Tower |
| 22:00 | Guard Tower |
| 22:02 | Animal War Training |
| 22:05 | Studded Leather Armor |
| 22:14 | Guard Tower |
| 23:21 | Guard Tower |
| 23:51 | Brilliance Aura |
| 23:53 | Bash |
| 25:41 | Devotion Aura |
| 26:19 | Guard Tower |
| 27:52 | Storm Bolt |
| 30:27 | Holy Light |
| 31:10 | Blizzard |
| Select group | 2140 |
| Right click | 2122 |
| Chat | 420 |
| Select | 315 |
| Use ability | 169 |
| Build/train/purchase | 125 |
| Misc. action | 105 |
| Minimap ping | 34 |
| Resource trade | 25 |
| Esc | 11 |
| Assign group | 10 |
| Item give/drop | 10 |



| Staff of Sanctuary | 3 | 750 |
| Staff of Teleportation | 3 | 450 |
| Boots of Speed | 3 | 750 |
| Periapt of Vitality | 1 | 325 |
| Circlet of Nobility | 1 | 175 |
| Healing Salve | 3 | 300 |
| Orb of Lightning | 2 | 750 |
| total: | 16 | 3500g |
| Peasant | 13 | 975 | / | 0 |
| Priest | 1 | 135 | / | 10 |
| Sorceress | 1 | 155 | / | 20 |
| Siege Engine | 6 | 1170 | / | 360 |
| total: | 21 | 2435g | / | 390w |
| Scout Tower | 65 | 1950 | / | 1300 |
| Arcane Tower | 4 | 280 | / | 200 |
| Guard Tower | 30 | 2100 | / | 1500 |
| Altar of Kings | 1 | 180 | / | 50 |
| Farm | 14 | 1120 | / | 280 |
| Lumber Mill | 1 | 120 | / | 0 |
| Arcane Vault | 3 | 390 | / | 90 |
| Town Hall | 1 | 385 | / | 205 |
| Blacksmith | 1 | 140 | / | 60 |
| Arcane Sanctum | 1 | 150 | / | 140 |
| Workshop | 5 | 700 | / | 700 |
| Keep | 1 | 320 | / | 210 |
| Castle | 1 | 360 | / | 210 |
| total: | 92 | 5135g | / | 2825w |
| 0:02 | Peasant |
| 0:07 | Altar of Kings |
| 0:09 | Peasant |
| 0:14 | Peasant |
| 0:18 | Farm |
| 0:20 | Peasant |
| 0:26 | Peasant |
| 0:47 | Farm |
| 0:53 | Peasant |
| 1:02 | Peasant |
| 1:04 | Lumber Mill |
| 1:14 | Peasant |
| 1:23 | Scout Tower |
| 1:28 | Scout Tower |
| 1:34 | Peasant |
| 1:43 | Peasant |
| 1:51 | Arcane Tower |
| 1:52 | Scout Tower |
| 1:59 | Peasant |
| 1:59 | Peasant |
| 2:05 | Guard Tower |
| 2:07 | Blizzard |
| 2:16 | Scout Tower |
| 2:23 | Guard Tower |
| 2:30 | Scout Tower |
| 2:35 | Peasant |
| 3:14 | Guard Tower |
| 3:15 | Scout Tower |
| 3:16 | Scout Tower |
| 3:25 | Scout Tower |
| 3:38 | Keep |
| 3:39 | Improved Masonry |
| 3:52 | Staff of Teleportation |
| 4:08 | Boots of Speed |
| 4:37 | Healing Salve |
| 4:43 | Guard Tower |
| 4:46 | Scout Tower |
| 4:47 | Scout Tower |
| 4:47 | Scout Tower |
| 4:49 | Scout Tower |
| 4:57 | Farm |
| 5:24 | Brilliance Aura |
| 5:35 | Guard Tower |
| 5:37 | Scout Tower |
| 5:40 | Scout Tower |
| 5:41 | Scout Tower |
| 5:41 | Scout Tower |
| 5:42 | Guard Tower |
| 5:42 | Guard Tower |
| 5:45 | Scout Tower |
| 6:05 | Arcane Tower |
| 6:06 | Guard Tower |
| 6:52 | Guard Tower |
| 6:57 | Guard Tower |
| 6:59 | Scout Tower |
| 6:59 | Scout Tower |
| 7:00 | Scout Tower |
| 7:00 | Scout Tower |
| 7:01 | Scout Tower |
| 7:41 | Guard Tower |
| 7:45 | Advanced Masonry |
| 7:45 | Improved Lumber Harvesting |
| 7:47 | Scout Tower |
| 7:48 | Scout Tower |
| 7:49 | Scout Tower |
| 7:49 | Scout Tower |
| 7:51 | Storm Bolt |
| 7:56 | Scout Tower |
| 7:56 | Scout Tower |
| 7:57 | Scout Tower |
| 7:57 | Scout Tower |
| 8:51 | Healing Salve |
| 8:57 | Castle |
| 9:26 | Boots of Speed |
| 9:37 | Guard Tower |
| 9:48 | Guard Tower |
| 10:08 | Staff of Teleportation |
| 10:11 | Farm |
| 10:28 | Arcane Tower |
| 10:33 | Arcane Sanctum |
| 10:59 | Bash |
| 11:04 | Guard Tower |
| 11:05 | Guard Tower |
| 11:11 | Guard Tower |
| 11:11 | Guard Tower |
| 11:14 | Scout Tower |
| 11:15 | Scout Tower |
| 11:15 | Scout Tower |
| 11:17 | Scout Tower |
| 11:17 | Scout Tower |
| 11:18 | Scout Tower |
| 11:18 | Scout Tower |
| 11:19 | Scout Tower |
| 12:19 | Scout Tower |
| 12:20 | Scout Tower |
| 12:22 | Scout Tower |
| 12:22 | Scout Tower |
| 12:23 | Scout Tower |
| 12:32 | Blizzard |
| 12:58 | Arcane Vault |
| 12:58 | Arcane Vault |
| 13:10 | Guard Tower |
| 13:13 | Arcane Vault |
| 13:16 | Healing Salve |
| 13:48 | Holy Light |
| 14:00 | Orb of Lightning |
| 14:39 | Staff of Sanctuary |
| 14:43 | Guard Tower |
| 15:16 | Boots of Speed |
| 15:16 | Staff of Teleportation |
| 15:24 | Town Hall |
| 17:02 | Guard Tower |
| 17:03 | Scout Tower |
| 17:04 | Scout Tower |
| 17:06 | Scout Tower |
| 17:07 | Scout Tower |
| 17:07 | Scout Tower |
| 17:10 | Scout Tower |
| 17:11 | Scout Tower |
| 17:11 | Scout Tower |
| 17:17 | Staff of Sanctuary |
| 17:19 | Staff of Sanctuary |
| 17:23 | Periapt of Vitality |
| 17:23 | Circlet of Nobility |
| 17:28 | Orb of Lightning |
| 18:14 | Divine Shield |
| 18:29 | Storm Bolt |
| 18:32 | Priest |
| 18:33 | Magic Sentry |
| 18:48 | Storm Bolt |
| 19:34 | Guard Tower |
| 19:39 | Guard Tower |
| 19:40 | Scout Tower |
| 19:41 | Scout Tower |
| 19:42 | Scout Tower |
| 19:42 | Scout Tower |
| 19:43 | Scout Tower |
| 19:43 | Scout Tower |
| 19:44 | Scout Tower |
| 19:45 | Scout Tower |
| 19:50 | Scout Tower |
| 19:51 | Scout Tower |
| 19:51 | Scout Tower |
| 19:52 | Scout Tower |
| 19:52 | Scout Tower |
| 19:53 | Scout Tower |
| 20:33 | Sorceress Adept Training |
| 20:33 | Sorceress |
| 23:01 | Holy Light |
| 23:06 | Brilliance Aura |
| 23:52 | Bash |
| 24:57 | Blacksmith |
| 25:01 | Farm |
| 25:01 | Farm |
| 25:02 | Farm |
| 25:02 | Farm |
| 25:39 | Brilliance Aura |
| 25:43 | Workshop |
| 25:43 | Workshop |
| 25:44 | Workshop |
| 25:45 | Workshop |
| 25:46 | Workshop |
| 25:48 | Farm |
| 25:49 | Farm |
| 25:49 | Farm |
| 25:59 | Black Gunpowder |
| 26:11 | Divine Shield |
| 26:28 | Farm |
| 26:30 | Farm |
| 26:32 | Farm |
| 26:52 | Siege Engine |
| 26:59 | Siege Engine |
| 27:14 | Siege Engine |
| 27:15 | Siege Engine |
| 27:39 | Siege Engine |
| 27:40 | Siege Engine |
| 27:59 | Refined Gunpowder |
| 27:59 | Imbued Gunpowder |
| 28:16 | Storm Bolt |
| 31:46 | Holy Light |
| Right click | 2797 |
| Select | 740 |
| Select group | 626 |
| Chat | 220 |
| Build/train/purchase | 154 |
| Use ability | 115 |
| Misc. action | 32 |
| Minimap ping | 20 |
| Resource trade | 12 |
| Assign group | 10 |
| Item give/drop | 7 |
195 units @ 30.7k
/ 4.6k
81 buildings @ 10.9k
/ 5.2k
jonboi2345
(32:58) : 

| Scroll of Regeneration | 3 | 300 |
| total: | 3 | 300g |
| Peasant | 22 | 1650 | / | 0 |
| Footman | 8 | 1080 | / | 0 |
| Dragonhawk Rider | 11 | 2200 | / | 330 |
| Gryphon Rider | 18 | 5040 | / | 1260 |
| Huntress | 8 | 1560 | / | 160 |
| Shaman | 8 | 1040 | / | 160 |
| Tauren | 8 | 2240 | / | 640 |
| Peon | 8 | 600 | / | 0 |
| total: | 91 | 15410g | / | 2550w |
| Scout Tower | 4 | 120 | / | 80 |
| Guard Tower | 4 | 280 | / | 200 |
| Altar of Kings | 1 | 180 | / | 50 |
| Farm | 13 | 1040 | / | 260 |
| Barracks | 1 | 160 | / | 60 |
| Lumber Mill | 1 | 120 | / | 0 |
| Arcane Vault | 1 | 130 | / | 30 |
| Blacksmith | 1 | 140 | / | 60 |
| Town Hall | 2 | 770 | / | 410 |
| Gryphon Aviary | 2 | 280 | / | 300 |
| Keep | 1 | 320 | / | 210 |
| Castle | 1 | 360 | / | 210 |
| Watch Tower | 25 | 2750 | / | 2000 |
| Tauren Totem | 1 | 135 | / | 155 |
| total: | 52 | 5825g | / | 3405w |
| 0:07 | Altar of Kings |
| 0:09 | Peasant |
| 0:10 | Peasant |
| 0:14 | Peasant |
| 0:26 | Farm |
| 0:31 | Barracks |
| 0:45 | Peasant |
| 0:59 | Peasant |
| 1:17 | Peasant |
| 1:26 | Farm |
| 1:31 | Peasant |
| 1:38 | Footman |
| 1:39 | Footman |
| 1:46 | Farm |
| 2:05 | Footman |
| 2:18 | Peasant |
| 2:20 | Footman |
| 2:24 | Summon Water Elemental |
| 2:31 | Farm |
| 3:32 | Footman |
| 3:33 | Keep |
| 3:36 | Lumber Mill |
| 3:48 | Footman |
| 4:37 | Arcane Vault |
| 4:54 | Farm |
| 4:55 | Footman |
| 5:26 | Brilliance Aura |
| 5:45 | Footman |
| 5:52 | Farm |
| 6:13 | Blacksmith |
| 6:18 | Gryphon Aviary |
| 6:21 | Gryphon Aviary |
| 6:24 | Scroll of Regeneration |
| 6:24 | Scroll of Regeneration |
| 6:56 | Farm |
| 6:59 | Peasant |
| 7:15 | Town Hall |
| 7:26 | Peasant |
| 7:36 | Improved Lumber Harvesting |
| 8:02 | Scout Tower |
| 8:06 | Scout Tower |
| 8:26 | Summon Water Elemental |
| 8:33 | Dragonhawk Rider |
| 8:33 | Dragonhawk Rider |
| 8:36 | Iron Forged Swords |
| 8:37 | Studded Leather Armor |
| 8:41 | Guard Tower |
| 8:45 | Scout Tower |
| 8:49 | Scout Tower |
| 9:14 | Guard Tower |
| 9:17 | Guard Tower |
| 9:21 | Farm |
| 9:27 | Peasant |
| 9:30 | Peasant |
| 9:46 | Dragonhawk Rider |
| 10:03 | Steel Forged Swords |
| 10:12 | Peasant |
| 10:12 | Peasant |
| 10:21 | Guard Tower |
| 10:22 | Peasant |
| 10:22 | Peasant |
| 10:26 | Farm |
| 10:42 | Frost Arrows |
| 10:56 | Dragonhawk Rider |
| 11:01 | Improved Masonry |
| 11:06 | Peasant |
| 11:06 | Peasant |
| 11:36 | Castle |
| 12:30 | Dragonhawk Rider |
| 12:30 | Dragonhawk Rider |
| 12:58 | Dragonhawk Rider |
| 12:58 | Dragonhawk Rider |
| 13:20 | Scroll of Regeneration |
| 13:44 | Reinforced Leather Armor |
| 14:23 | Cloud |
| 14:24 | Storm Hammers |
| 14:25 | Gryphon Rider |
| 14:25 | Gryphon Rider |
| 14:56 | Mithril Forged Swords |
| 14:59 | Gryphon Rider |
| 14:59 | Gryphon Rider |
| 16:09 | Farm |
| 16:11 | Farm |
| 16:12 | Farm |
| 16:13 | Farm |
| 16:19 | Dragonhide Armor |
| 17:41 | Gryphon Rider |
| 17:42 | Gryphon Rider |
| 17:42 | Gryphon Rider |
| 17:42 | Gryphon Rider |
| 18:49 | Town Hall |
| 19:23 | Gryphon Rider |
| 19:23 | Dragonhawk Rider |
| 20:04 | Dragonhawk Rider |
| 20:04 | Dragonhawk Rider |
| 21:12 | Gryphon Rider |
| 21:53 | Peasant |
| 21:53 | Peasant |
| 21:53 | Peasant |
| 22:00 | Peasant |
| 23:53 | Gryphon Rider |
| 23:53 | Gryphon Rider |
| 23:54 | Gryphon Rider |
| 23:54 | Gryphon Rider |
| 24:54 | Huntress |
| 24:55 | Huntress |
| 24:55 | Huntress |
| 24:55 | Huntress |
| 24:55 | Huntress |
| 24:55 | Huntress |
| 24:55 | Huntress |
| 24:55 | Huntress |
| 25:26 | Brilliance Aura |
| 25:44 | Gryphon Rider |
| 25:44 | Gryphon Rider |
| 25:45 | Gryphon Rider |
| 25:45 | Gryphon Rider |
| 25:50 | Shaman |
| 25:50 | Shaman |
| 25:50 | Shaman |
| 25:51 | Shaman |
| 25:51 | Shaman |
| 25:51 | Shaman |
| 25:51 | Shaman |
| 25:51 | Shaman |
| 25:53 | Tauren |
| 25:53 | Tauren |
| 25:53 | Tauren |
| 25:54 | Tauren |
| 25:54 | Tauren |
| 25:54 | Tauren |
| 25:54 | Tauren |
| 25:54 | Tauren |
| 26:23 | Tauren Totem |
| 26:27 | Watch Tower |
| 26:29 | Watch Tower |
| 26:46 | Peon |
| 26:46 | Peon |
| 26:46 | Peon |
| 26:46 | Peon |
| 26:46 | Peon |
| 26:47 | Peon |
| 26:47 | Peon |
| 26:47 | Peon |
| 26:57 | Watch Tower |
| 26:59 | Watch Tower |
| 27:03 | Watch Tower |
| 27:05 | Watch Tower |
| 27:07 | Watch Tower |
| 27:13 | Watch Tower |
| 27:19 | Watch Tower |
| 27:30 | Watch Tower |
| 27:33 | Watch Tower |
| 27:52 | Watch Tower |
| 27:53 | Watch Tower |
| 27:57 | Watch Tower |
| 28:01 | Watch Tower |
| 28:06 | Watch Tower |
| 28:28 | Watch Tower |
| 28:31 | Watch Tower |
| 28:51 | Watch Tower |
| 29:08 | Watch Tower |
| 29:26 | Watch Tower |
| 29:37 | Watch Tower |
| 29:41 | Watch Tower |
| 29:58 | Watch Tower |
| 30:24 | Watch Tower |
| Right click | 1028 |
| Chat | 508 |
| Select | 399 |
| Select group | 243 |
| Build/train/purchase | 150 |
| Assign group | 60 |
| Resource trade | 21 |
| Use ability | 14 |
| Minimap ping | 6 |


| Scroll of Speed | 1 | 50 |
| Healing Salve | 1 | 100 |
| total: | 2 | 150g |
| Peon | 12 | 900 | / | 0 |
| Grunt | 17 | 3400 | / | 0 |
| Troll Headhunter | 6 | 840 | / | 120 |
| Shaman | 7 | 910 | / | 140 |
| Tauren | 6 | 1680 | / | 480 |
| Troll Berserker | 4 | 560 | / | 80 |
| Demolisher | 2 | 440 | / | 100 |
| Troll Witch Doctor | 1 | 145 | / | 25 |
| total: | 55 | 8875g | / | 945w |
| Watch Tower | 2 | 220 | / | 160 |
| Altar of Storms | 1 | 180 | / | 50 |
| Orc Burrow | 6 | 960 | / | 240 |
| Barracks | 1 | 180 | / | 50 |
| War Mill | 1 | 205 | / | 0 |
| Voodoo Lounge | 1 | 130 | / | 30 |
| Great Hall | 1 | 385 | / | 185 |
| Spirit Lodge | 1 | 150 | / | 150 |
| Tauren Totem | 1 | 135 | / | 155 |
| Stronghold | 1 | 315 | / | 190 |
| Fortress | 1 | 325 | / | 190 |
| total: | 15 | 2545g | / | 1020w |
| 0:14 | Altar of Storms |
| 0:16 | Peon |
| 0:17 | Peon |
| 0:27 | Orc Burrow |
| 0:40 | Barracks |
| 0:46 | Peon |
| 1:00 | Peon |
| 1:18 | Peon |
| 1:32 | Peon |
| 1:43 | Grunt |
| 2:00 | Orc Burrow |
| 2:15 | War Mill |
| 2:27 | Feral Spirit |
| 2:53 | Grunt |
| 3:38 | Stronghold |
| 3:39 | Grunt |
| 3:42 | Troll Headhunter |
| 3:56 | Watch Tower |
| 4:00 | Steel Armor |
| 4:10 | Chain Lighting |
| 4:35 | Grunt |
| 4:58 | Voodoo Lounge |
| 5:05 | Steel Ranged Weapons |
| 5:06 | Troll Headhunter |
| 5:18 | Grunt |
| 6:05 | Grunt |
| 6:13 | Watch Tower |
| 6:20 | Spiked Barricades |
| 6:35 | Troll Headhunter |
| 7:09 | Orc Burrow |
| 7:28 | Berserker Strength |
| 7:33 | Orc Burrow |
| 7:37 | Pillage |
| 8:00 | Great Hall |
| 8:37 | Steel Melee Weapons |
| 9:12 | Chain Lighting |
| 9:27 | Grunt |
| 9:38 | Spirit Lodge |
| 9:50 | Scroll of Speed |
| 9:51 | Healing Salve |
| 9:57 | Healing Wave |
| 10:26 | Grunt |
| 10:33 | Peon |
| 11:43 | Peon |
| 11:43 | Peon |
| 11:44 | Peon |
| 11:44 | Peon |
| 11:48 | Grunt |
| 11:53 | Shaman |
| 11:53 | Shaman |
| 12:12 | Tauren Totem |
| 12:20 | Troll Headhunter |
| 12:20 | Troll Headhunter |
| 12:24 | Fortress |
| 12:28 | Shaman Adept Training |
| 12:47 | Peon |
| 12:59 | Grunt |
| 13:12 | Orc Burrow |
| 13:23 | Orc Burrow |
| 13:29 | Troll Headhunter |
| 13:33 | Thorium Ranged Weapons |
| 14:39 | Grunt |
| 14:40 | Grunt |
| 14:43 | Shaman |
| 15:09 | Shaman Master Training |
| 15:10 | Tauren |
| 15:13 | Grunt |
| 15:53 | Pulverize |
| 15:55 | Grunt |
| 16:49 | Serpent Ward |
| 17:01 | Tauren |
| 17:06 | Witch Doctor Adept Training |
| 17:08 | Berserker Upgrade |
| 18:12 | Troll Berserker |
| 18:12 | Troll Berserker |
| 18:15 | Shaman |
| 19:38 | Troll Berserker |
| 19:38 | Troll Berserker |
| 19:40 | Shaman |
| 19:52 | Tauren |
| 19:54 | Spirit Walker Adept Training |
| 20:01 | Troll Regeneration |
| 20:18 | Thorium Melee Weapons |
| 20:23 | Demolisher |
| 20:27 | Witch Doctor Master Training |
| 21:09 | Troll Witch Doctor |
| 21:11 | Tauren |
| 21:16 | Demolisher |
| 22:16 | Spirit Walker Master Training |
| 22:18 | Grunt |
| 24:05 | Grunt |
| 24:05 | Grunt |
| 24:06 | Shaman |
| 24:07 | Shaman |
| 24:08 | Tauren |
| 24:09 | Tauren |
| Right click | 709 |
| Select | 494 |
| Select group | 296 |
| Build/train/purchase | 96 |
| Assign group | 44 |
| Use ability | 36 |
| Misc. action | 34 |
| Remove unit | 2 |
| Item give/drop | 1 |

| Wisp | 16 | 960 | / | 0 |
| Archer | 19 | 2470 | / | 190 |
| Glaive Thrower | 14 | 2940 | / | 910 |
| total: | 49 | 6370g | / | 1100w |
| Moon Well | 8 | 1440 | / | 320 |
| Altar of Elders | 1 | 180 | / | 50 |
| Ancient of War | 2 | 300 | / | 120 |
| Ancient of Wonders | 1 | 90 | / | 30 |
| Hunter's Hall | 1 | 210 | / | 100 |
| Tree of Life | 1 | 340 | / | 185 |
| Tree of Ages | 1 | 320 | / | 180 |
| Tree of Eternity | 1 | 330 | / | 200 |
| total: | 14 | 2560g | / | 805w |
| 0:05 | Wisp |
| 0:05 | Wisp |
| 0:05 | Wisp |
| 0:05 | Wisp |
| 0:18 | Moon Well |
| 0:24 | Altar of Elders |
| 0:43 | Wisp |
| 0:53 | Ancient of War |
| 0:59 | Wisp |
| 1:03 | Wisp |
| 1:38 | Ancient of Wonders |
| 1:42 | Wisp |
| 1:56 | Moon Well |
| 2:05 | Archer |
| 2:05 | Archer |
| 2:16 | Moon Well |
| 2:24 | Archer |
| 2:26 | Force of Nature |
| 3:20 | Archer |
| 3:20 | Archer |
| 3:32 | Hunter's Hall |
| 3:38 | Wisp |
| 3:38 | Wisp |
| 3:38 | Wisp |
| 3:40 | Archer |
| 4:17 | Archer |
| 4:17 | Archer |
| 4:52 | Moon Well |
| 5:18 | Entangling Roots |
| 5:42 | Archer |
| 5:42 | Archer |
| 5:42 | Archer |
| 5:46 | Moon Well |
| 5:47 | Moon Well |
| 7:23 | Archer |
| 7:23 | Archer |
| 7:23 | Archer |
| 7:23 | Archer |
| 7:30 | Moon Well |
| 7:45 | Tree of Ages |
| 7:51 | Archer |
| 7:54 | Moon Armor |
| 7:54 | Strength of the Moon |
| 8:31 | Force of Nature |
| 9:50 | Archer |
| 9:50 | Archer |
| 9:50 | Archer |
| 9:56 | Moon Well |
| 11:19 | Ancient of War |
| 11:21 | Glaive Thrower |
| 11:21 | Glaive Thrower |
| 11:22 | Glaive Thrower |
| 11:22 | Glaive Thrower |
| 11:58 | Entangling Roots |
| 12:08 | Improved Strength of the Moon |
| 12:08 | Improved Moon Armor |
| 13:24 | Vorpal Blades |
| 13:24 | Glaive Thrower |
| 13:24 | Glaive Thrower |
| 13:25 | Glaive Thrower |
| 13:39 | Tree of Eternity |
| 14:02 | Tree of Life |
| 14:09 | Glaive Thrower |
| 15:00 | Glaive Thrower |
| 15:05 | Ultravision |
| 17:33 | Glaive Thrower |
| 19:43 | Glaive Thrower |
| 19:43 | Glaive Thrower |
| 19:43 | Glaive Thrower |
| 19:43 | Glaive Thrower |
| 19:45 | Advanced Strength of the Moon |
| 19:45 | Advanced Moon Armor |
| 21:18 | Wisp |
| 21:18 | Wisp |
| 21:18 | Wisp |
| 21:19 | Wisp |
| 21:19 | Wisp |
| Right click | 957 |
| Select | 177 |
| Build/train/purchase | 81 |
| Select group | 58 |
| Use ability | 28 |
| Misc. action | 25 |
| Assign group | 18 |
| Chat | 16 |
| Minimap ping | 13 |
⇛